 Dungeon Crawl Stone Soup version 0.28-a0-1638-g9123634e07 (webtiles) character file.

Game seed: 6233309009402372893

19 porpoise the Magician (level 2, -7/22 HPs)
             Began as a Djinni Conjurer on Jan 26, 2022.
             Mangled by Sigmund (8 damage)
             ... on level 2 of the Dungeon.
             The game lasted 00:03:38 (1246 turns).

porpoise the Magician (Djinni Conjurer)             Turns: 1246, Time: 00:03:38

Health: -7/22      AC:  3    Str:  6    XL:     2   Next: 95%
Gold:   58         EV: 12    Int: 19    God:
                   SH:  0    Dex: 11

rFire   + + +      SeeInvis .   a - +2 falchion "Oliluthracro" {drain, +Blink rF+ rC+ rN+}
rCold   . . .      Faith    .   (no shield)
rNeg    + . .      Spirit   .   d - +0 robe
rPois   ∞          Reflect  .   (no helmet)
rElec   .          Harm     .   (no cloak)
rCorr   .          Rampage  .   i - +0 pair of gloves
Will    .....                   (boots unavailable)
Stlth   ++........              (no amulet)
HPRegen 0.07/turn               (no ring)
MPRegen 0.00/turn               (no ring)

@: flying
A: sickness immunity, fire resistance 2, cold vulnerability 1, float, innate
caster, hp casting, extra vitality 1
a: Evoke Blink


You were on level 2 of the Dungeon.
You visited 1 branch of the dungeon, and saw 2 of its levels.

You collected 58 gold pieces.

Inventory:

Hand Weapons
 a - the +2 falchion "Oliluthracro" (weapon) {drain, +Blink rF+ rC+ rN+}
   (You found it on level 2 of the Dungeon)

   A truly terrible weapon, it drains the life of any living foe it strikes.
   rF:        It protects you from fire.
   rC:        It protects you from cold.
   rN:        It protects you from negative energy.
   +Blink:    It lets you blink.
 b - a +0 hunting sling
 m - a +0 short sword
Missiles
 h - 88 stones
Armour
 d - a +0 robe (worn)
 i - a +0 pair of gloves (worn)
Scrolls
 e - a scroll of fear {unknown}
 g - a scroll of immolation {unknown}
 k - a scroll of enchant armour {unknown}
 l - a scroll of vulnerability {unknown}
Potions
 c - a potion of berserk rage {unknown}
 f - a potion of heal wounds {unknown}
 j - a potion of attraction {unknown}


   Skills:
 * Level 1.3 Fighting
 - Level 2.1 Dodging
 + Level 1.8 Stealth
 * Level 3.5 Spellcasting


You couldn't memorise any spells.
You knew the following spells:

 Your Spells              Type           Power      Damage    Failure   Level
a - Magic Dart            Conj           64%        1d6       3%          1
b - Searing Ray           Conj           32%        2d5       5%          2
c - Fulminant Prism       Conj/Hex       8%         3d7       34%         4
d - Iskenderun's Mystic   Conj/Tloc      16%        2d5       34%         4
z - Dazzling Flash        Conj/Hex       32%        N/A       11%         3
Your spell library was empty.

Dungeon Overview and Level Annotations

Branches:
Dungeon (2/15)

Altars:

Annotations:
D:2 Sigmund


Innate Abilities, Weirdness & Mutations

You are immune to sickness and miasma.
You are immune to poison.
Your flesh is very heat resistant. (rF++)
You are vulnerable to cold. (rC-)
You float through the air rather than walking.
You learn spells naturally, not from books.
Your magical power is your life essence.
You have superior vitality. (+4 MHP)


Message History

The searing ray hits the worm.
You kill the worm!
You start resting.
HP restored.
Sigmund the Dreaded comes into view.
He is wielding a +0 scythe.
Found a masterwork falchion.
You see here the +2 falchion "Oliluthracro" {drain, +Blink rF+ rC+ rN+}.
m - the +2 falchion "Oliluthracro" {drain, +Blink rF+ rC+ rN+} Adjust to which letter? (? for menu, Esc to quit)
a - the +2 falchion "Oliluthracro" {drain, +Blink rF+ rC+ rN+}
m - a +0 short sword You sense an unholy aura.
a - the +2 falchion "Oliluthracro" (weapon)
{drain, +Blink rF+ rC+ rN+}
Press: ? - help, . - travel You can't see that place. [the floor.]
Casting: Searing Ray (safe; 5% risk of failure)
Confirm with . or Enter, or press ? or * to list all spells.
Okay, then.
Casting: Searing Ray (safe; 5% risk of failure)
Confirm with . or Enter, or press ? or * to list all spells.
Aiming: Searing Ray (safe; 5% risk of failure)
Press: ? - help, Shift-Dir - straight line, f - Sigmund
Aim: Sigmund, wielding a +0 scythe and wearing a +0 robe (75% to hit)
The searing ray hits Sigmund!
Sigmund is moderately wounded. (Press . to maintain the ray.) Sigmund mumbles some strange words.
Sigmund flickers and vanishes!
Deactivating autopickup; reactivate with Ctrl-A.
The searing ray hits something.
The searing ray hits something.
You finish channelling your searing ray.
Found 6 curare-tipped darts.
Something hits you! Something hits you!
* * * LOW HITPOINT WARNING * * *
Something hits you.
* * * LOW HITPOINT WARNING * * *
Something hits you!
You die...

##### #.... #.### #.#.#
#.#.#
####################....
...(((.................>
.......@##########.###..
######......# #.# #..
#....(.# #.# #.#
#......# #.# #.#
###+#### #.# #.# #.# #.#
#.# #.# #.# #.# #.# #.#


There were no monsters in sight!

Vanquished Creatures
  A worm (D:2)
  A ball python (D:1)
  2 endoplasms (D:1)
  3 goblins
  2 hobgoblins
  A quokka (D:1)
  2 frilled lizards (D:1)
  3 kobolds (D:1)
15 creatures vanquished.

Notes
Turn   | Place    | Note
-------+----------+-------------------------------------------
     0 | D:1      | porpoise the Djinni Conjurer began the quest for the Orb.
     0 | D:1      | Reached XP level 1. HP: 15/15 MP: 0/0
   190 | D:1      | Reached XP level 2. HP: 18/22 MP: 0/0
   549 | D:1      | Reached skill level 1 in Fighting
  1184 | D:2      | Noticed Sigmund
  1209 | D:2      | Identified the +2 falchion "Oliluthracro" {drain, +Blink
                  | rF+ rC+ rN+}
  1245 | D:2      | HP: 1/22 [something (1)]
  1246 | D:2      | Mangled by Sigmund

Illustrated notes

Levels and vault maps discovered:
D:1:      dpeg_arrival_oval, layout_rooms
D:2:      layout_basic, basic_ecumenical_altar, uniq_sigmund

Skill      XL: |  1  2 |
---------------+-------+-----
Fighting       | 1 |  1.3
Dodging        | |  2.1
Stealth        | |  1.8
Spellcasting   | |  3.5

Action                   || total
-------------------------++-------
 Fire: Hunting sling     ||     4
 Cast: Magic Dart        ||    22
       Searing Ray       ||     2

Table legend: (Time is in decaauts)
 A = Elapsed time spent in this place.
 B = Non-inter-level travel time spent in this place.
 C = Inter-level travel time spent in this place.
 D = Time resting spent in this place.
 E = Time spent auto-exploring this place.
 F = Levels seen in this place.
 G = Mean time per level.
                   A        B        C        D        E       F      G
               +--------+--------+--------+--------+--------+-----+--------+
         Total |   1245 |   1222 |     23 |    511 |    567 |   2 |  622.5 |
       Dungeon |   1245 |   1222 |     23 |    511 |    567 |   2 |  622.5 |
               +--------+--------+--------+--------+--------+-----+--------+

Top non-repeatable levels by time:
     D:1: 993 daAuts
     D:2: 251 daAuts
